 Dungeon Crawl Stone Soup version 0.31-a0-187-gba352fbbf7 (webtiles) character file.

Game seed: 13476950775711545740

238 qw the Skirmisher (level 5, -2/30 HPs)
             Began as a Deep Elf Hunter on June 22, 2023.
             Slain by a gnoll
             ... wielding a +0 club
              (5 damage)
             ... on level 4 of the Dungeon.
             The game lasted 00:00:50 (2239 turns).

qw the Skirmisher (Deep Elf Hunter)                 Turns: 2239, Time: 00:00:50

Health: -2/30      AC:  9    Str: 10    XL:     5   Next: 78%
Magic:  7/7        EV: 11    Int: 14    God:
Gold:   198        SH:  0    Dex: 18    Spells: 4/4 levels left

rFire   . . .        Y - +1 shortbow
rCold   . . .        (shield currently unavailable)
rNeg    . . .        i - +2 ring mail {rPois}
rPois   +            (no helmet)
rElec   .            g - +0 cloak
rCorr   .            l - +0 pair of gloves
SInv    .            (no boots)
Will    .....        (no amulet)
Stlth   +            (no ring)
HPRegen 0.25/turn    (no ring)
MPRegen 0.10/turn

%: no passive effects
@: about to teleport
A: no striking features
a: no special abilities


You were on level 4 of the Dungeon.
You visited 1 branch of the dungeon, and saw 4 of its levels.

You collected 198 gold pieces.


   Skills:
 - Level 2.0 Fighting
 - Level 9.1 Ranged Weapons
 + Level 0.0 Armour
 - Level 2.4 Dodging
 - Level 1.2 Stealth


You had 4 spell levels left.
You didn't know any spells.
Your spell library was empty.

Inventory:

Hand Weapons
 Y - a +1 shortbow (weapon)
Armour
 g - a +0 cloak (worn)
 i - a +2 ring mail of poison resistance (worn)
 l - a +0 pair of gloves (worn)
Scrolls
 a - a scroll of teleportation
Potions
 b - a potion of degeneration {unknown}
 c - a potion of attraction {unknown}
 d - a potion of haste
 e - a potion of mutation {unknown}
 f - a potion of ambrosia {unknown}
 h - a potion of resistance {unknown}
 m - a potion of cancellation {unknown}

Dungeon Overview and Level Annotations

Branches:
Dungeon (4/15)
 Temple: D:4-7

Altars:

Shops:
D:2 !


Message History

The gnoll shouts!
The arrow hits the adder.
You kill the adder!
The gnoll throws a throwing net.
The throwing net barely misses you.
You shoot an arrow. The arrow hits the gnoll.
The gnoll is lightly wounded.
You shoot an arrow. The arrow barely misses the gnoll.
The arrow hits the hobgoblin.
You kill the hobgoblin!
The gnoll hits you with a +0 flail. x2
You shoot an arrow. The arrow barely misses the gnoll.
The arrow hits the gnoll.
The gnoll is lightly wounded.
The gnoll throws a throwing net.
The throwing net closely misses you. The gnoll barely misses you.
You shoot an arrow. The arrow closely misses the gnoll.
The arrow hits the gnoll.
The gnoll is moderately wounded.
The gnoll hits you but does no damage. The gnoll hits you with a +0 flail.
A gnoll breaks down the door.
You shoot an arrow. The arrow barely misses the gnoll.
The arrow hits the gnoll.
The gnoll is severely wounded.
The gnoll barely misses you. The gnoll hits you but does no damage.
You shoot an arrow. The arrow hits the gnoll!
The gnoll is almost dead.
The gnoll barely misses you. The gnoll hits you with a +0 flail.
You shoot an arrow. The arrow hits the gnoll.
You kill the gnoll!
The gnoll hits you from afar with a +0 spear.
Your Fighting skill increases to level 2!
You shoot an arrow. The arrow closely misses the gnoll.
The gnoll hits you with a +0 club! The gnoll closely misses you.
The gnoll hits you with a +0 club.
You shoot an arrow. The arrow closely misses the gnoll.
The gnoll closely misses you. The gnoll hits you with a +0 club!
The gnoll barely misses you.
2239 ||| READING 2 scrolls of teleportation.
As you read the scroll of teleportation, it crumbles to dust.
You feel strangely unstable. The gnoll closely misses you.
The gnoll hits you with a +0 club.
You die...

........#.#.#.#.........
............%...........
.#####..#.#.#+#.##......
........###.....#.......
..##.#.[# #.............
#.......# #....#########
####....# #....+ #...(#
#....# #..g@# #....
#'#g........ .%g#####...
).... ....... .......
....... .......


You could see 3 gnolls.

Vanquished Creatures
  2 iguanas (D:4)
  Natasha (thrice) (D:3)
  Ijyb (D:3)
  A gnoll (D:4)
  An adder (D:4)
  A worm (D:2)
  2 dart slugs
  An orc (D:3)
  5 ball pythons
  6 bats
  3 endoplasms
  3 giant cockroaches
  5 goblins
  3 hobgoblins
  10 jackals
  3 kobolds
  A quokka (D:1)
  2 frilled lizards (D:3)
  6 rats
59 creatures vanquished.

Notes
Turn   | Place    | Note
-------+----------+-------------------------------------------
     0 | D:1      | qw the Deep Elf Hunter began the quest for the Orb.
     0 | D:1      | Reached XP level 1. HP: 12/12 MP: 3/3
     0 | D:1      | 0 ||| qw: Version: 0.3-a-9-g12657ce
     0 | D:1      | 0 ||| qw: Game counter: 2186
     0 | D:1      | 0 ||| qw: Always use a shield: true
     0 | D:1      | 0 ||| qw: God list: Okawaru
     0 | D:1      | 0 ||| qw: Allow faded altars: false
     0 | D:1      | 0 ||| qw: Do Orc after D:15 true
     0 | D:1      | 0 ||| qw: Do second Lair branch before Depths: true
     0 | D:1      | 0 ||| qw: Lair rune preference: random
     0 | D:1      | 0 ||| qw: Plans: Normal
     0 | D:1      | 0 ||| PLANNING D:1-11
    76 | D:1      | Reached XP level 2. HP: 16/16 MP: 4/4
    87 | D:1      | Reached skill level 6 in Ranged Weapons
   667 | D:1      | 667 ||| UPGRADING to +0 cloak.
   672 | D:1      | 672 ||| READING 3 scrolls labelled LADOSS TUHAEN.
   677 | D:1      | 677 ||| READING scroll labelled DEUDI FULOTIH.
   678 | D:1      | 678 ||| DROPPING scroll of butterflies.
   745 | D:2      | Found Fihut's Distillery.
   750 | D:2      | 750 ||| SHOPLISTING 2 potions of enlightenment (130 gold,
                  | have 44).
   750 | D:2      | 750 ||| SHOPLISTING potion of heal wounds (65 gold, have
                  | 44).
   750 | D:2      | 750 ||| SHOPLISTING potion of resistance (130 gold, have
                  | 44).
   758 | D:2      | Reached XP level 3. HP: 20/20 MP: 5/5
  1230 | D:2      | 1230 ||| DRINKING 2 fuming purple potions.
  1259 | D:3      | Noticed Natasha
  1260 | D:3      | 1260 ||| FLEEEEING.
  1261 | D:3      | 1261 ||| STAIRDANCE
  1282 | D:3      | Killed Natasha
  1283 | D:3      | Reached skill level 7 in Ranged Weapons
  1369 | D:3      | Reached XP level 4. HP: 25/25 MP: 6/6
  1633 | D:3      | 1633 ||| FLEEEEING.
  1634 | D:3      | 1634 ||| FLEEEEING.
  1650 | D:3      | Noticed Natasha
  1655 | D:3      | Killed Natasha
  1656 | D:3      | Reached skill level 8 in Ranged Weapons
  1676 | D:3      | Noticed Natasha
  1682 | D:3      | Killed Natasha
  1705 | D:3      | 1705 ||| UPGRADING to +2 ring mail of poison resistance.
  1717 | D:3      | 1717 ||| UPGRADING to +0 leather armour.
  1722 | D:3      | 1722 ||| UPGRADING to +2 ring mail of poison resistance.
  1732 | D:3      | 1732 ||| DROPPING +0 leather armour.
  1733 | D:3      | 1733 ||| UPGRADING to +0 pair of gloves.
  1771 | D:3      | Noticed Ijyb
  1781 | D:3      | Killed Ijyb
  1782 | D:3      | Reached XP level 5. HP: 12/29 MP: 7/7
  2068 | D:3      | 2068 ||| READING scroll labelled IGOKLIE FUM QEMO.
  2069 | D:3      | 2069 ||| READING scroll labelled MAUKOL SACAAF.
  2070 | D:3      | 2070 ||| READING scroll labelled WIH VUUGYINN.
  2178 | D:4      | Reached skill level 9 in Ranged Weapons
  2238 | D:4      | HP: 3/30 [gnoll/+0 club (8)]
  2239 | D:4      | 2239 ||| READING 2 scrolls of teleportation.
  2239 | D:4      | Slain by a gnoll

Levels and vault maps discovered:
D:1:      dpeg_arrival_pits, layout_basic, hex_large,
          corexii_item_surrounded_by_moat
D:2:      layout_loops_cross, serial_shops, nicolae_shop_just_a_little_nook
D:3:      layout_basic, kennysheep_minor_cross, corexii_shack, st_stairs_9,
          grunt_ministairs_8, minmay_misc_feat_square, uniq_natasha, uniq_ijyb
D:4:      layout_basic, lemuel_coloured_pillars_altar, uniq_pargi

Skill      XL: |  1  2  3  4  5 |
---------------+----------------+-----
Ranged Weapons | 6 7 8 9 |  9.1
Fighting       | 2 |  2.0
Dodging        | |  2.4
Stealth        | |  1.2

Action                     |  1- 3 |  4- 6 || total
---------------------------+-------+-------++-------
   Fire: Shortbow          |    80 |    95 ||   175
    Use: Scroll            |     2 |     4 ||     6
         Potion            |     1 |       ||     1
 Armour: Leather armour    |     7 |    11 ||    18
         Ring mail         |       |     8 ||     8
         Skin              |       |     1 ||     1
  Dodge: Dodged            |    18 |    42 ||    60

Table legend:
 A = Non-vault XP
 B = Vault XP
 C = Vault XP percentage of total XP
 D = Non-vault monster count
 E = Vault monster count
 F = Vault count percentage of total count
                 A         B        C        D         E       F
            +---------+---------+-------+---------+---------+-------
      Total |     257 |      83 |  24.4 |      50 |       9 |  15.3
            +---------+---------+-------+---------+---------+-------
        D:1 |      36 |       0 |   0.0 |      20 |       0 |   0.0
        D:2 |      22 |       0 |   0.0 |      10 |       0 |   0.0
        D:3 |      90 |      83 |  48.0 |      12 |       9 |  42.9
        D:4 |     109 |       0 |   0.0 |       8 |       0 |   0.0
            +---------+---------+-------+---------+---------+-------
